 Dungeon Crawl Stone Soup version 0.32-a0-953-g508020473e (webtiles) character file.

Game seed: 2608603662976003811

251156 Ahpoh the Barachian Blade (level 19, -3/161 (171) HPs)
             Began as a Barachi Gladiator on Apr 16, 2024.
             Was the Champion of Wu Jian.
             Shot with an arrow by a deep elf master archer (31 damage)
             ... on level 3 of the Elven Halls.
             The game lasted 02:43:19 (33225 turns).

Ahpoh the Barachian Blade (Barachi Gladiator)      Turns: 33225, Time: 02:43:19

HP:   -3/161 (171)  AC: 38    Str: 16    XL:     19   Next: 65%
MP:   19/19         EV: 17    Int: 10    God:    Wu Jian [******]
Gold: 1751          SH:  0    Dex: 23    Spells: 18/18 levels left

rFire   . . .        w - +7 great sword (flame)
rCold   + + .        (shield currently unavailable)
rNeg    . . .        I - +6 ice dragon scales
rPois   .            k - +2 helmet {SInv}
rElec   .            l - +2 cloak {Will+}
rCorr   .            h - +2 pair of gloves {Dex+3}
SInv    +            W - +0 pair of boots
Will    ++...        f - amulet of regeneration Stlth
                     U - +4 ring of protection
HPRegen 1.26/turn    V - ring of protection from fire
MPRegen 0.16/turn

%: no passive effects
@: drained, slow
A: amphibious, slowness 1, strong legs 2, +LOS
}: 2/15 runes: decaying, serpentine
a: Hop, Renounce Religion, Wall Jump, Serpent's Lash, Heavenly Storm


You were on level 3 of the Elven Halls.
You worshipped Wu Jian.
Wu Jian was exalted by your worship.
You visited 6 branches of the dungeon, and saw 30 of its levels.
You also visited: Ossuary.

You collected 3424 gold pieces.
You spent 1673 gold pieces at shops.

Inventory:

Hand Weapons
 w - a +7 great sword of flaming (weapon)
 y - a +4 trident
 O - the +12 long sword of the Grave {flame, rC+}
   (You found it on level 5 of the Lair of Beasts)

   rC+:       It protects you from cold.
Missiles
 d - 3 throwing nets
 n - 7 javelins (quivered)
 F - 8 atropa-tipped darts
Armour
 h - a +2 pair of gloves of dexterity (worn)
 k - a +2 helmet of see invisible (worn)
 l - a +2 cloak of willpower (worn)
 D - the +1 kite shield of Terror {rF+}
   (You found it on level 5 of the Lair of Beasts)

   rF+:       It protects you from fire.
 I - +6 ice dragon scales (worn)
 W - a +0 pair of boots (worn)
Jewellery
 e - a ring of flight
 f - an amulet of regeneration (around neck)
 i - a ring of poison resistance
 m - an amulet of magic regeneration
 P - a ring of magical power
 U - a +4 ring of protection (left hand)
 V - a ring of protection from fire (right hand)
Wands
 a - a wand of mindburst (42)
 C - a wand of polymorph (35)
 J - a wand of digging (8)
 K - a wand of roots (16)
 L - a wand of flame (34)
 N - a wand of quicksilver (20)
 R - a wand of paralysis (3)
Scrolls
 b - 9 scrolls of revelation
 c - 2 scrolls of immolation
 r - 7 scrolls of fog
 s - 6 scrolls of teleportation
 x - 3 scrolls of fear
 z - 4 scrolls of amnesia
 G - 3 scrolls of brand weapon
 H - 2 scrolls of poison
 M - a scroll of butterflies
 S - 3 scrolls of blinking
 X - 3 scrolls of identify
 Z - a scroll of silence
Potions
 g - 6 potions of attraction
 j - 2 potions of brilliance
 o - 3 potions of invisibility
 p - 6 potions of enlightenment
 q - 10 potions of curing
 t - 11 potions of lignification
 u - 3 potions of resistance
 v - 3 potions of mutation
 A - a potion of ambrosia
 B - 2 potions of berserk rage
 E - 4 potions of cancellation
 Q - 8 potions of heal wounds
 Y - 2 potions of haste
Miscellaneous
 T - a lightning rod (4/4)


   Skills:
 * Level 20.9 Fighting
 * Level 24.7 Long Blades
 * Level 12.3 Throwing
 * Level 15.7 Armour
 * Level 13.2 Dodging
 + Level 6.7 Evocations


You had 18 spell levels left.
You didn't know any spells.
Your spell library contained the following spells:

 Spells                   Type           Power      Damage    Failure   Level
 Apportation              Tloc           0%         N/A       73%         1
 Necrotise                Necr           0%         1d4       73%         1
 Slow                     Hex            0%         N/A       73%         1
 Sting                    Conj/Alch      0%         1d3       73%         1
 Summon Small Mammal      Summ           0%         N/A       73%         1
 Jinxbite                 Hex            0%         N/A       86%         2
 Mercury Vapours          Alch/Air       0%         N/A       86%         2
 Static Discharge         Conj/Air       0%         3-3/arc   86%         2
 Call Canine Familiar     Summ           0%         N/A       97%         3
 Confusing Touch          Hex            0%         N/A       97%         3
 Dazzling Flash           Conj/Hex       0%         N/A       97%         3
 Fugue of the Fallen      Necr           0%         N/A       97%         3
 Hailstorm                Conj/Ice       0%         3d5       97%         3
 Mephitic Cloud           Conj/Alch/Air  0%         N/A       97%         3
 Ozocubu's Armour         Ice            0%         N/A       97%         3
 Sigil of Binding         Hex            0%         N/A       97%         3
 Summon Ice Beast         Ice/Summ       0%         N/A       97%         3
 Vampiric Draining        Necr           0%         2d6       97%         3
 Airstrike                Air            0%         2d(0-16)  100%        4
 Animate Dead             Necr           0%         N/A       100%        4
 Dimensional Bullseye     Hex/Tloc       0%         N/A       100%        4
 Leda's Liquefaction      Alch/Erth      0%         N/A       100%        4
 Olgreb's Toxic Radiance  Alch           0%         N/A       100%        4
 Passage of Golubria      Tloc           0%         N/A       100%        4
 Petrify                  Alch/Erth      0%         N/A       100%        4
 Summon Lightning Spire   Summ/Air       0%         N/A       100%        4
 Borgnjor's Vile Clutch   Necr/Erth      0%         N/A       100%        5
 Metabolic Englaciation   Hex/Ice        0%         N/A       100%        5
 Silence                  Hex/Air        0%         N/A       100%        5
 Yara's Violent Unravell  Hex/Alch       0%         3d3       100%        5
 Conjure Ball Lightning   Conj/Air       0%         3x3d6     100%        6
 Death Channel            Necr           0%         N/A       100%        6
 Dispersal                Tloc           0%         N/A       100%        6
 Gell's Gavotte           Tloc           0%         2d(11-16) 100%        6
 Permafrost Eruption      Ice/Erth       0%         2x4d1     100%        6
 Sculpt Simulacrum        Ice/Alch       0%         N/A       100%        6
 Enfeeble                 Hex            0%         N/A       100%        7
 Manifold Assault         Tloc           0%         N/A       100%        7
 Discord                  Hex            0%         N/A       100%        8
 Disjunction              Tloc           0%         N/A       100%        8
 Lehudib's Crystal Spear  Conj/Erth      0%         10d2      100%        8


Dungeon Overview and Level Annotations

Branches:
Dungeon (12/15)            Temple (0/1) D:6            Lair (5/5) D:8
  Swamp (4/4) Lair:3        Snake (4/4) Lair:2        Slime (0/5) Lair:4
    Orc (2/2) D:10            Elf (3/3) Orc:2       Ossuary (visited)

Altars:
Ashenzari
Fedhas
Hepliaklqana
Okawaru
Qazlal
Sif Muna
Trog
Vehumet
Wu Jian
The Shining One
Jiyva

Shops:
D:2 :   D:3 =   D:8 (   D:10 [   D:11 !   Orc:2 [(([(   Elf:1 (   Snake:2 ?(
Snake:3 *(([

Annotations:
D:7 2 transporters, NotBatman's ghost, novice MDFi
D:8 1 runed translucent door, jasper's ghost, novice MDFi


Innate Abilities, Weirdness & Mutations

You are amphibious.
You cover ground slowly.
You can hop long distances.
You have an extended range of vision and can be seen from far away.


Message History

The deep elf master archer shoots an arrow.
The arrow hits you!
The deep elf master archer shoots an arrow.
The arrow hits you!
The deep elf master archer shoots an arrow.
The arrow hits you but does no damage.
You spin and attack the deep elf master archer.
You miss the deep elf master archer.
The deep elf master archer shoots an arrow.
The arrow hits you but does no damage.
The deep elf master archer throws a stone.
The stone misses you.
The stone hits the deep elf annihilator!!
The deep elf master archer throws a stone.
The stone barely misses you.
The stone closely misses the deep elf annihilator.
You hit the deep elf master archer. You burn the deep elf master archer.
The deep elf master archer is lightly wounded.
The deep elf master archer shoots an arrow.
The arrow closely misses you.
The arrow hits the deep elf annihilator!!!
You hear a shout!
You slash the deep elf master archer! You burn the deep elf master archer!
The deep elf master archer is heavily wounded.
The deep elf master archer shoots an arrow.
The arrow hits you!!
The deep elf annihilator points at you and mumbles some strange words.
The iron shot hits you!!!
You barely miss the deep elf master archer.
The deep elf master archer is heavily wounded.
The deep elf master archer shoots an arrow.
The arrow hits you!!
* * * LOW HITPOINT WARNING * * *
The deep elf master archer shoots an arrow.
The arrow hits you!
* * * LOW HITPOINT WARNING * * *
As you read the scroll of fog, it dissolves into smoke.
The deep elf master archer shoots an arrow.
The arrow hits you!!
You die...

#..........## #
#...e...).## #.
#........##
###'####.......##
##........#####e#
e#.e......# #.#
...e......# #§#
#.......)#####e#
#......).+..§§@#
#...^...######e#
#......## #§#
#.....# #.#
###'### #.# #.#
#.# #.# #.# #.#
#.# ###.# #.#


You could see a deep elf master archer and a deep elf annihilator.

Vanquished Creatures
  Boris (Elf:3)
  Norris (Elf:1)
  Jorgrun (Orc:1)
  A tentacled monstrosity (Swamp:3)
  2 deep elf blademasters (Elf:2)
  A quicksilver dragon (Snake:4)
  Asterion (Snake:1)
  Agnes (Lair:2)
  Roxanne (Swamp:2)
  Aizul (Snake:1)
  6 nagarajas
  3 deep elf sorcerers
  Louise (Swamp:2)
  A deep elf elementalist (Elf:3)
  3 ghouls (Swamp:3)
  2 deep elf demonologists (Elf:1)
  The ghost of Goc Tato the Ripper, a journeyman FeBe of Trog (Snake:4)
  2 deep elf death magi (Elf:2)
  3 deep elf annihilators
  4 eleionomae
  4 bunyips
  A shambling mangrove (Swamp:4)
  Josephine (Lair:3)
  18 hydras
  4 ogre magi
  11 anacondas
  A catoblepas (Lair:5)
  3 salamander tyrants (Snake:4)
  3 alligators
  A boulder beetle (D:11)
  2 ghost crabs
  A deep troll shaman (Lair:5)
  13 two-headed ogres
  32 dancing weapons
  27 death yaks
  Urug (Orc:2)
  10 shock serpents
  11 naga sharpshooters
  7 naga warriors
  4 skysharks (Elf:1)
  18 deep elf knights
  5 goliath frogs
  3 sea snakes (Snake:3)
  14 bog bodies
  A salamander mystic (Snake:4)
  5 spriggan druids
  12 deep elf archers
  9 mana vipers
  4 naga ritualists
  10 swamp dragons
  2 thermic dynamos (Elf:3)
  34 deep elf zephyrmancers
  2 orc knights
  21 deep elf pyromancers
  5 salamanders
  3 orc sorcerers
  3 will-o-the-wisps
  An oklob plant (Lair:3)
  A manticore (D:12)
  A cyclops (D:8)
  Maurice (Orc:2)
  26 elephants
  29 black mambas
  9 guardian serpents
  A gargoyle (D:11)
  A torpor snail (Swamp:2)
  8 cane toads
  13 naga magi
  2 rime drakes
  5 komodo dragons
  8 tyrant leeches
  5 polar bears
  2 bloated husks
  6 hornets
  13 blink frogs
  A spriggan (Swamp:1)
  2 shadows (D:10)
  26 yaks
  3 air elementals
  A ynoxinul (D:12)
  2 slime creatures (Lair:4)
  7 wraiths
  3 humans (D:8)
  A basilisk (Lair:1)
  3 wyverns
  3 wargs
  2 fire elementals
  6 vampire mosquitoes
  A chaos spawn (D:12)
  15 swamp worms
  25 nagas
  Menkaure (D:4)
  4 small abominations (Swamp:3)
  An acid dragon (Lair:1)
  19 water moccasins
  13 swamp drakes
  3 ice beasts
  13 orc warriors
  A sky beast (D:7)
  3 black bears
  5 centaurs
  27 ogres
  15 wolves
  2 phantoms
  2 elf zombies (Ossuary)
  3 kobold brigands
  10 bullfrogs
  The ghost of mbovary the Covert, an amateur SpDe (D:5)
  4 earth elementals
  A gnoll sergeant (D:8)
  2 scorpions (D:5)
  3 wights
  A burial acolyte (Ossuary)
  A ballistomycete (Lair:3)
  A killer bee (D:5)
  A howler monkey (D:9)
  6 electric eels
  3 jellies
  A bombardier beetle (D:4)
  3 gnoll boudas
  8 hounds
  2 human zombies (Ossuary)
  14 orc priests
  A spectral scorpion (Ossuary)
  3 iguanas
  28 orc wizards
  12 hell rats
  4 hound zombies (Ossuary)
  3 mummies (Ossuary)
  16 gnolls
  7 adders
  A shadow imp (D:4)
  2 white imps (D:7)
  2 adder zombies (Ossuary)
  A ribbon worm (D:3)
  A dart slug (D:5)
  50 orcs
  2 bats
  4 endoplasms
  A giant cockroach (D:1)
  2 gnoll zombies (Ossuary)
  8 hobgoblins
  2 jackals (D:2)
  23 kobolds
  3 quokkas
  6 ball pythons
  7 ball python zombies (Ossuary)
  4 frilled lizards
  4 goblins
  3 jackal zombies (Ossuary)
  3 kobold zombies (Ossuary)
  2 orc zombies (Ossuary)
  7 rats
  A spectral hobgoblin (D:3)
963 creatures vanquished.

Vanquished Creatures (others)
  A deep elf knight (Elf:2)
  A deep elf pyromancer (Elf:1)
  A deep elf zephyrmancer (Elf:3)
  A bloated husk (Swamp:1)
  A water elemental (Elf:1)
  A naga (Snake:4)
  An orc wizard (D:10)
  An orc (Orc:2)
  A ballistomycete spore (Lair:3)
  11 foxfires
20 creatures vanquished.

Grand Total: 983 creatures vanquished

Notes
Turn   | Place    | Note
-------+----------+-------------------------------------------
     0 | D:1      | Ahpoh the Barachi Gladiator began the quest for the Orb.
     0 | D:1      | Reached XP level 1. HP: 17/17 MP: 1/1
   238 | D:1      | Reached XP level 2. HP: 23/23 MP: 2/2
   348 | D:1      | Reached skill level 4 in Long Blades
   780 | D:2      | Found an ornate altar of the Wu Jian Council.
   781 | D:2      | Found Opes's Book Shoppe.
   937 | D:2      | Reached skill level 1 in Armour
  1062 | D:2      | Reached XP level 3. HP: 26/28 MP: 3/3
  1631 | D:3      | Reached XP level 4. HP: 34/35 MP: 4/4
  1690 | D:3      | Reached skill level 5 in Long Blades
  1698 | D:3      | Noticed a phantom
  1718 | D:3      | Killed a phantom
  1719 | D:3      | Reached XP level 5. HP: 32/41 MP: 5/5
  1809 | D:3      | Found Nygann's Jewellery Emporium.
  1824 | D:3      | Found a faded altar of an unknown god.
  1865 | D:3      | Prayed at the altar of an unknown god.
  1865 | D:3      | Became a worshipper of the Wu Jian Council
  1865 | D:3      | Reached * piety under Wu Jian
  2501 | D:4      | Reached XP level 6. HP: 47/47 MP: 6/6
  2561 | D:4      | Found a sand-covered staircase.
  2565 | Ossuary  | Entered an ossuary
  2611 | Ossuary  | Reached skill level 6 in Long Blades
  2711 | Ossuary  | Reached ** piety under Wu Jian
  2735 | Ossuary  | Reached XP level 7. HP: 47/54 MP: 7/7
  2774 | Ossuary  | Reached skill level 7 in Long Blades
  2951 | D:4      | Noticed Menkaure
  2983 | D:4      | Killed Menkaure
  3540 | D:5      | Entered Level 5 of the Dungeon
  3545 | D:5      | Reached skill level 8 in Long Blades
  3553 | D:5      | Reached XP level 8. HP: 61/61 MP: 8/8
  3724 | D:5      | Reached skill level 9 in Long Blades
  3754 | D:5      | Found a large runed translucent door.
  3754 | D:5      | Found a large runed translucent door.
  3765 | D:5      | Noticed mbovary's ghost (amateur SpDe)
  3791 | D:5      | Killed mbovary's ghost
  3933 | D:5      | Reached skill level 5 in Fighting
  4244 | D:5      | Reached skill level 5 in Dodging
  4420 | D:5      | Found an ornate altar of the Wu Jian Council.
  4536 | D:6      | Found a broken altar of Ashenzari.
  4635 | D:6      | Reached XP level 9. HP: 69/69 MP: 9/9
  4640 | D:6      | Found a staircase to the Ecumenical Temple.
  4669 | D:6      | Reached *** piety under Wu Jian
  4671 | D:6      | Reached skill level 10 in Long Blades
  5130 | D:6      | Found an ornate altar of the Wu Jian Council.
  5357 | D:6      | Reached skill level 5 in Armour
  5638 | D:7      | Found a transporter.
  5644 | D:7      | Found a transporter.
  5649 | D:7      | Found a bloodstained altar of Trog.
  5662 | D:7      | Noticed NotBatman's ghost (novice MDFi)
  5730 | D:7      | Noticed a moth of wrath
  6211 | D:7      | Reached skill level 11 in Long Blades
  6701 | D:8      | Noticed a cyclops
  6913 | D:8      | Found a staircase to the Lair.
  6920 | D:8      | Noticed jasper's ghost (novice MDFi)
  7322 | D:7      | Reached **** piety under Wu Jian
  7323 | D:7      | Reached XP level 10. HP: 61/79 MP: 10/10
  7385 | D:8      | Reached skill level 12 in Long Blades
  7518 | D:8      | Found a runed translucent door.
  7605 | D:8      | Reached skill level 5 in Throwing
  7667 | D:8      | Found a glowing golden altar of the Shining One.
  7667 | D:8      | Found a shimmering blue altar of Sif Muna.
  7668 | D:8      | Found a stormy altar of Qazlal.
  7668 | D:8      | Found an iron altar of Okawaru.
  7671 | D:8      | Found a radiant altar of Vehumet.
  7706 | D:8      | Found a hazy altar of Hepliaklqana.
  7788 | D:8      | Killed a cyclops
  7858 | D:8      | Found Synaips's Antique Weapon Emporium.
  8385 | D:9      | Reached skill level 13 in Long Blades
  9158 | D:10     | Entered Level 10 of the Dungeon
  9251 | D:10     | Reached XP level 11. HP: 63/87 MP: 11/11
  9384 | D:10     | Found a staircase to the Orcish Mines.
  9386 | D:10     | Found Rarghiruti's Armour Emporium.
  9692 | D:11     | Reached skill level 14 in Long Blades
 10032 | D:11     | Noticed a boulder beetle
 10044 | D:11     | Killed a boulder beetle
 10128 | D:11     | Found Rymynn's Distillery.
 10138 | D:11     | Bought a potion of heal wounds for 65 gold pieces
 10443 | D:12     | Noticed a manticore
 10459 | D:12     | Killed a manticore
 10586 | Orc:1    | Entered Level 1 of the Orcish Mines
 10595 | Orc:1    | Noticed an orc knight
 10690 | D:10     | Killed an orc knight
 10928 | Orc:1    | Reached ***** piety under Wu Jian
 11011 | Orc:1    | Reached skill level 15 in Long Blades
 11087 | Orc:1    | Noticed an orc sorcerer
 11088 | Orc:1    | Noticed an orc knight
 11093 | Orc:1    | Killed an orc sorcerer
 11103 | Orc:1    | Killed an orc knight
 11132 | D:10     | Bought +1 ice dragon scales for 938 gold pieces
 11164 | Orc:2    | Entered Level 2 of the Orcish Mines
 11261 | Orc:2    | Noticed Urug
 11316 | Orc:2    | Noticed Maurice
 11451 | Orc:2    | Noticed a two-headed ogre
 11451 | Orc:2    | Noticed a two-headed ogre
 11471 | Orc:2    | Noticed a two-headed ogre
 11473 | Orc:2    | Noticed a two-headed ogre
 11474 | Orc:2    | Noticed a two-headed ogre
 11483 | Orc:1    | Killed a two-headed ogre
 11504 | Orc:2    | Noticed an ogre mage
 11504 | Orc:2    | Noticed a two-headed ogre
 11596 | Lair:1   | Entered Level 1 of the Lair of Beasts
 11665 | Lair:1   | Reached skill level 1 in Evocations
 11665 | Lair:1   | Reached XP level 12. HP: 40/97 MP: 12/12
 12146 | Lair:1   | Reached skill level 16 in Long Blades
 12519 | Lair:2   | Reached skill level 10 in Fighting
 12597 | Lair:2   | Found a staircase to the Snake Pit.
 13372 | Lair:2   | Reached skill level 17 in Long Blades
 13639 | Lair:3   | Noticed a death yak
 13640 | Lair:3   | Noticed a death yak
 13640 | Lair:3   | Noticed a death yak
 13642 | Lair:3   | Noticed a death yak
 13687 | Lair:3   | Noticed a death yak
 13687 | Lair:3   | Noticed a death yak
 13881 | Lair:3   | Reached ****** piety under Wu Jian
 14009 | Lair:2   | Killed a death yak
 14010 | Lair:2   | Gained mutation: You can hop long distances. [Barachi
                  | growth]
 14010 | Lair:2   | Reached XP level 13. HP: 81/106 MP: 13/13
 14257 | Lair:3   | Noticed Josephine
 14270 | Lair:3   | Killed Josephine
 14302 | Lair:3   | Found a staircase to the Swamp.
 14531 | Lair:2   | Reached skill level 10 in Armour
 14537 | Lair:2   | Reached skill level 18 in Long Blades
 15395 | Lair:4   | Reached skill level 19 in Long Blades
 15395 | Lair:4   | Reached XP level 14. HP: 85/115 MP: 14/14
 15398 | Lair:4   | Reached skill level 5 in Evocations
 15586 | Lair:4   | Found a staircase to the Slime Pits.
 15591 | Lair:4   | Found a viscous altar of Jiyva.
 16250 | Lair:5   | Entered Level 5 of the Lair of Beasts
 16263 | Lair:5   | Identified the +12 long sword of the Grave {flame, rC+}
 16632 | Lair:5   | Reached skill level 20 in Long Blades
 17321 | Lair:5   | Identified the +1 kite shield of Terror {rF+}
 17336 | Lair:5   | Identified the +3 whip of Dowaeps {heavy, ^Fragile rElec
                  | Will+}
 17582 | Snake:1  | Entered Level 1 of the Snake Pit
 17777 | Snake:1  | Reached XP level 15. HP: 92/125 MP: 15/15
 17838 | Snake:1  | Noticed Agnes
 17841 | Snake:1  | Identified the serpent talisman of the Accordion {rC- rN+
                  | Dex+4}
 17841 | Snake:1  | Noticed Aizul
 17870 | Lair:2   | Killed Agnes
 18084 | Snake:1  | Killed Aizul
 18196 | Snake:1  | Noticed Asterion
 18218 | Snake:1  | Noticed an Executioner
 18226 | Snake:1  | Killed Asterion
 19211 | Orc:2    | Paralysed by an ogre mage for 5 turns
 19215 | Orc:2    | HP: 4/127 [two-headed ogre/+0 giant spiked club (5)]
 19319 | Orc:1    | Reached skill level 10 in Dodging
 19509 | Orc:2    | Noticed Jorgrun
 19645 | Orc:1    | Killed Jorgrun
 19687 | Orc:2    | Paralysed by an ogre mage for 2 turns
 19793 | Orc:2    | Maurice stole the +12 long sword of the Grave {flame, rC+}
 19794 | Orc:2    | Killed Maurice
 19877 | Orc:2    | Found Ham Ifyn's Armour Boutique.
 19877 | Orc:2    | Found Lytof's Antique Weapon Emporium.
 19877 | Orc:2    | Found Qyfonok's Weapon Emporium.
 19877 | Orc:2    | Found Zumm's Antique Armour Shop.
 19958 | Orc:2    | Killed Urug
 19972 | Orc:2    | Found Rieb's Weapon Shoppe.
 20010 | Orc:2    | Found a staircase to the Elven Halls.
 20110 | Elf:1    | Entered Level 1 of the Elven Halls
 20339 | Snake:1  | Reached skill level 15 in Fighting
 20339 | Snake:1  | Reached skill level 21 in Long Blades
 20600 | Snake:2  | Found Jiwor's Antique Weapon Shoppe.
 20608 | Snake:2  | Found Olixtut's Magic Scroll Emporium.
 20614 | Snake:2  | Bought a scroll of identify for 30 gold pieces
 21656 | Snake:3  | Found Fubemyu's Weapon Boutique.
 21661 | Snake:3  | Reached XP level 16. HP: 136/136 MP: 16/16
 21679 | Snake:3  | Found Hofytruc's Armour Boutique.
 21679 | Snake:3  | Found Sokocwyed's Assorted Antiques.
 21681 | Snake:3  | Found Geny's Weapon Boutique.
 21719 | Snake:3  | Bought a blackened granite ring for 160 gold pieces
 21742 | Snake:3  | Bought 2 scrolls of blinking for 480 gold pieces
 21819 | Snake:3  | Found a blossoming altar of Fedhas.
 22720 | Snake:3  | Noticed a nagaraja
 22734 | Snake:3  | Killed a nagaraja
 23047 | Snake:4  | Entered Level 4 of the Snake Pit
 23291 | Snake:3  | Reached skill level 10 in Throwing
 23747 | Snake:4  | Noticed a nagaraja
 23930 | Snake:4  | Killed a nagaraja
 24241 | Snake:4  | Found a runed translucent door.
 24241 | Snake:4  | Noticed Goc Tato's ghost (journeyman FeBe)
 24266 | Snake:4  | Killed Goc Tato's ghost
 24463 | Snake:4  | Noticed a nagaraja
 24472 | Snake:4  | Reached skill level 22 in Long Blades
 24474 | Snake:4  | Killed a nagaraja
 24959 | Snake:4  | Noticed a nagaraja
 25030 | Snake:4  | Noticed a nagaraja
 25038 | Snake:4  | Reached XP level 17. HP: 132/147 MP: 17/17
 25142 | Snake:4  | Noticed a quicksilver dragon
 25150 | Snake:4  | Killed a quicksilver dragon
 25485 | Snake:4  | Got a serpentine rune of Zot
 25788 | Swamp:1  | Entered Level 1 of the Swamp
 26440 | Swamp:2  | Identified the +3 battleaxe "Xiraf" {heavy, Dex+2}
 26518 | Swamp:2  | Identified the granite talisman of Udynkov {*Slow rF+ Str+3
                  | Int+2}
 26518 | Swamp:2  | Noticed Roxanne
 26541 | Swamp:2  | Killed Roxanne
 26589 | Swamp:2  | Noticed Louise
 26596 | Swamp:2  | Killed Louise
 26800 | Swamp:2  | Identified the +4 trident "Urenaisi" {freeze, Int+3 Dex-4}
 26802 | Swamp:2  | Identified the +1 hat of Gallantry {Slay+2}
 27601 | Swamp:3  | Noticed a tentacled monstrosity
 27602 | Swamp:3  | Killed a tentacled monstrosity
 27665 | Swamp:3  | Reached skill level 23 in Long Blades
 28065 | Swamp:4  | Entered Level 4 of the Swamp
 28273 | Swamp:4  | Reached XP level 18. HP: 136/158 MP: 18/18
 28509 | Swamp:4  | Got a decaying rune of Zot
 28931 | Elf:1    | Found a radiant altar of Vehumet.
 29377 | Elf:1    | Found Kiskok's Weapon Shop.
 30259 | Elf:1    | Noticed Norris
 30279 | Elf:1    | Killed Norris
 30280 | Elf:1    | Reached skill level 15 in Armour
 30548 | Elf:2    | Noticed a Hell Sentinel
 30604 | Elf:2    | Noticed a Hell Sentinel
 30631 | Elf:2    | Reached skill level 24 in Long Blades
 30647 | Elf:3    | Entered Level 3 of the Elven Halls
 31323 | Elf:2    | Reached XP level 19. HP: 104/168 MP: 19/19
 31566 | Elf:2    | Paralysed by an air elemental for 1 turns
 31698 | Elf:2    | Found a runed translucent gate.
 31700 | Elf:2    | Found a runed translucent gate.
 31700 | Elf:2    | Found a runed translucent gate.
 32168 | Elf:3    | Identified the +3 robe "Xejitzon" {Harm rN+++ SInv Stlth-}
 32168 | Elf:3    | Noticed Boris
 32172 | Elf:3    | Killed Boris
 32401 | Elf:3    | Paralysed by an air elemental for 1 turns
 33199 | Elf:3    | Identified the staff of Zaek {rPois Earth}
 33225 | Elf:3    | Shot with an arrow by a deep elf master archer

Illustrated notes

Levels and vault maps discovered:
D:1:      kilobyte_arrival_exit_the_forest, layout_basic, minmay_pentomino_v2
D:2:      layout_basic, serial_shops, nicolae_shop_tiny_glass, basic_altar,
          st_stairs_4
D:3:      layout_rooms, dreamdust_ecumenical_altar_drowned_temple, serial_shops,
          shop
D:4:      layout_loops_cross, enter_ossuary_5, nicolae_the_louvre, uniq_menkaure
D:5:      layout_cave_pools, ebering_ghost_disaster_area, serial_park,
          serial_park_square1 [serial_park_minivault_5x5_5],
          serial_park_square2, serial_park_gazebo [serial_park_minivault_5x5_8],
          serial_park_square3 [serial_park_minivault_5x5_3]
D:6:      layout_gridville, ashenzari_altar_1,
          mainiacjoe_overflow_six_doors_small, minmay_temple_entry_slanted,
          serial_bayou_pond_d
D:7:      layout_loops_ring, gammafunk_ghost_wrathful_warriors,
          kennysheep_doodads, hangedman_abyss_or_decor_lesser_grid,
          uniq_crazy_yiuf_cottage
D:8:      layout_cave_pools, grunt_temple_overflow_open, lair_entry_dummy,
          hellmonk_ghost_happy_afterlife, nicolae_inconvenience_store,
          minmay_ruffians
D:9:      layout_loops_ring
D:10:     layout_roguey, orc_david_3
D:11:     nicolae_whirlpool, layout_small_grid, serial_shops, shop
D:12:     minmay_expanding_circles, layout_basic, serial_demonic,
          serial_demonic_d, serial_demonic_c, serial_demonic_c,
          serial_demonic_a, serial_demonic_a, serial_demonic_d, uniq_erolcha
Lair:1:   layout_gridlike, grunt_forest_small_clearing_treed,
          serial_bayou_shore_a, infiniplex_staircase_pool
Lair:2:   hellmonk_destroyed_diamonds, layout_gridlike,
          alex1729_snake_entry_snake, hangedman_lair_unloving_vines
Lair:3:   layout_chaotic_city, mainiacjoe_swamp_entry_lozenge_pond,
          dpeg_oklob_1, uniq_josephine
Lair:4:   layout_roguey, minmay_slime_entry_pillars, serial_bayou,
          serial_bayou_lake_a, serial_bayou_pond_e, serial_bayou_crossing,
          serial_bayou_shore_b
Lair:5:   grunt_lair_end_beastmaster, layout_gridlike
Swamp:1:  layout_basic_swamp, nicolae_swamp_fairy_circle
Swamp:2:  layout_basic_swamp, evilmike_swamp_ruin_rubble_2, swamp_pool_1_2,
          worms_lemuel, uniq_louise, uniq_roxanne
Swamp:3:  layout_basic_swamp, nicolae_swamp_bean_lake, swamp_pool_5,
          hangedman_swamp_lotus, hangedman_swamp_ravenous,
          infiniplex_staircase_pool_2
Swamp:4:  swamp, layout_basic_swamp, nicolae_swamp_decorative_isthmus,
          uniq_nikola
Snake:1:  layout_misc_corridors, uniq_agnes, uniq_aizul, uniq_asterion
Snake:2:  layout_grid_maze, minmay_shoptagon
Snake:3:  nicolae_snake_attic_fulla_snakes, layout_chambers, basic_altar,
          minmay_shop_grid_forest, nicolae_coiled_stairwell_up
Snake:4:  hellmonk_snake_rune_quicksilver_temple, layout_layer_cave,
          gammafunk_ghost_grave, st_stairs_11, nicolae_snake_gridmaze_squiggle
Orc:1:    layout_caves
Orc:2:    st_orc_ogre_mass, layout_caves, serial_shops,
          nicolae_shop_bloodbath_and_beyond, uniq_maurice, uniq_urug,
          uniq_jorgrun
Elf:1:    eino_elf_arrival_shootout, layout_loops_corners, basic_altar,
          serial_shops, nicolae_shop_waterfront, evilmike_minifort, uniq_norris
Elf:2:    nicolae_elf_blades_crystal_corner, layout_geoelf_diagonals
Elf:3:    grunt_elf_hall_branching, layout_gridlike, uniq_boris

Skill      XL: |  1  2  3  4  5  6  7  8  9 10 11 12 13 14 15 16 17 18 19 |
---------------+----------------------------------------------------------+-----
Long Blades    | 4 5 6 8 9 11 13 15 17 19 20 21 22 23 24 | 24.7
Armour         | 1 2 3 4 6 7 8 9 10 11 12 13 14 15 | 15.7
Fighting       | 3 4 6 7 8 9 11 12 13 15 17 18 19 20 | 20.9
Dodging        | 4 5 6 7 8 9 10 11 12 13 | 13.2
Throwing       | 3 4 5 6 7 8 9 10 11 12 | 12.3
Evocations     | 1 3 4 6 |  6.7

Action                     |  1- 3 |  4- 6 |  7- 9 | 10-12 | 13-15 | 16-18 | 19-21 || total
---------------------------+-------+-------+-------+-------+-------+-------+-------++-------
  Melee: Long sword        |   127 |    57 |       |       |       |       |       ||   184
         Great sword       |       |    82 |   292 |   691 |   889 |  1158 |   242 ||  3354
  Throw: Throwing net      |       |       |     4 |     6 |     3 |     6 |       ||    19
         Javelin           |       |       |     1 |     3 |       |    59 |       ||    63
 Invoke: Serpent's Lash    |       |       |       |     1 |     6 |     5 |     1 ||    13
         Heavenly Storm    |       |       |       |       |     1 |     2 |       ||     3
Ability: Lunge             |       |     9 |    29 |    57 |    63 |   101 |    22 ||   281
         Whirlwind         |       |    23 |    25 |   120 |    67 |   111 |    26 ||   372
         Wall Jump         |       |       |     7 |       |     1 |     7 |       ||    15
         Hop               |       |       |     2 |     7 |    11 |    12 |     1 ||    33
  Evoke: Wand              |       |       |     1 |    10 |     3 |       |       ||    14
    Use: Scroll            |       |     4 |     6 |    14 |    12 |    11 |     6 ||    53
         Potion            |       |       |     2 |     4 |    12 |     2 |       ||    20
   Stab: Held in net/web   |       |       |     3 |     4 |       |     5 |       ||    12
         Petrified         |       |       |       |       |     1 |       |       ||     1
         Distracted        |       |       |       |       |       |     1 |       ||     1
 Armour: Leather armour    |    33 |       |       |       |       |       |       ||    33
         Ring mail         |    75 |    94 |    61 |       |       |       |       ||   230
         Scale mail        |       |       |   203 |   275 |       |       |       ||   478
         Ice dragon scales |       |       |       |   277 |   665 |   864 |   204 ||  2010
         Skin              |       |       |       |       |     2 |       |       ||     2
  Dodge: Dodged            |    91 |   102 |   194 |   377 |   400 |   720 |   118 ||  2002

Table legend: (Time is in decaauts)
 A = Elapsed time spent in this place.
 B = Non-inter-level travel time spent in this place.
 C = Inter-level travel time spent in this place.
 D = Time resting spent in this place.
 E = Time spent auto-exploring this place.
 F = Levels seen in this place.
 G = Mean time per level.
                   A        B        C        D        E       F      G
               +--------+--------+--------+--------+--------+-----+--------+
         Total |  37123 |  34583 |   2540 |   5784 |  18781 |  31 | 1197.5 |
       Dungeon |  12258 |  11538 |    720 |   1964 |   6865 |  12 | 1021.5 |
          Lair |   7151 |   6495 |    656 |    776 |   3768 |   5 | 1430.2 |
         Swamp |   3075 |   2946 |    129 |    214 |   1754 |   4 |  768.8 |
     Snake Pit |   7394 |   6764 |    630 |   1334 |   3690 |   4 | 1848.5 |
  Orcish Mines |   2013 |   1830 |    183 |    350 |    649 |   2 | 1006.5 |
   Elven Halls |   4863 |   4644 |    219 |   1144 |   1941 |   3 | 1621.0 |
       Ossuary |    367 |    367 |      0 |      0 |    113 |   1 |  367.0 |
               +--------+--------+--------+--------+--------+-----+--------+

Top non-repeatable levels by time:
   Elf:1: 2559 daAuts
 Snake:4: 2354 daAuts
 Snake:3: 2251 daAuts
  Lair:2: 2195 daAuts
     D:7: 1966 daAuts
   Elf:2: 1519 daAuts
 Snake:2: 1516 daAuts
  Lair:5: 1373 daAuts
  Lair:3: 1312 daAuts
 Snake:1: 1271 daAuts
   Orc:1: 1270 daAuts
     D:2: 1270 daAuts
     D:9: 1198 daAuts
  Lair:1: 1167 daAuts
     D:6: 1150 daAuts
